 Dungeon Crawl Stone Soup version 0.21.1-1-g345015f (webtiles) character file.

5539 Krilegs the Carver (level 10, -4/91 HPs)
             Began as a Deep Dwarf Fighter on May 8, 2018.
             Was a Priest of the Shining One.
             Slain by an eight-headed hydra (8 damage)
             ... on level 1 of the Lair of Beasts.
             The game lasted 00:27:49 (7175 turns).

Krilegs the Carver (Deep Dwarf Fighter)             Turns: 7175, Time: 00:27:49

Health: -4/91      AC: 16    Str: 23    XL:     10   Next: 43%
Magic:  0/13       EV:  7    Int: 11    God:    the Shining One [***...]
Gold:   112        SH: 12    Dex: 14    Spells: 9/9 levels left

rFire    . . .     SeeInvis .   a - +2 long sword
rCold    . . .     Gourm    .   c - +0 shield
rNeg     + . .     Faith    .   e - +2 chain mail
rPois    .         Spirit   +   r - +2 hat of Anarchy {MR+}
rElec    .         Reflect  .   w - scarf {Spirit}
rCorr    .         Harm     .   (no gloves)
MR       ++...                  g - +0 pair of boots
Stlth    ..........             j - amulet of rage
HPRegen  0.00/turn              u - ring of magical power
MPRegen  0.13/turn              (no ring)

@: non-regenerating, glowing
A: damage resistance, heal wounds, talons 1, agile 1, clever 1, low mp 1, sense
surroundings 2, no regeneration
a: Heal Wounds, Divine Shield, Renounce Religion, Evoke Berserk Rage


You were on level 1 of the Lair of Beasts.
You worshipped the Shining One.
The Shining One was most pleased with you.
You were not hungry.

You visited 2 branches of the dungeon, and saw 10 of its levels.

You collected 458 gold pieces.
You spent 346 gold pieces at shops.

Inventory:

Hand Weapons
 a - a +2 long sword (weapon)
 n - a +0 long sword
Armour
 c - a +0 shield (worn)
 e - a +2 chain mail (worn)
 g - a +0 pair of boots (worn)
 r - the +2 hat of Anarchy (worn) {MR+}
   (You found it on level 6 of the Dungeon)

   It affects your resistance to hostile enchantments.
 w - a scarf of spirit shield (worn)
Jewellery
 j - an amulet of rage (around neck)
 p - a cursed amulet of regeneration
 u - a ring of magical power (left hand)
Wands
 t - a wand of enslavement (14)
Scrolls
 b - a scroll of identify
 h - 2 scrolls of amnesia
 l - 3 scrolls of fear
 v - a scroll of remove curse
 x - a scroll of fog
Potions
 d - 2 potions of might
 i - 3 potions of curing
 k - 2 potions of flight
 s - a potion of magic {unknown}
Comestibles
 f - 17 rations


   Skills:
 + Level 6.2 Fighting
 + Level 9.9 Long Blades
 + Level 8.1 Armour
 - Level 0.8 Dodging
 - Level 0.3 Stealth
 + Level 9.2 Shields
 + Level 2.8 Evocations


You had 9 spell levels left.
You didn't know any spells.

Dungeon Overview and Level Annotations

Branches:
Dungeon (9/15)             Temple (0/1) D:6            Lair (1/6) D:9
    Orc: D:9-12

Altars:
Cheibriados
Dithmenos
Fedhas
Hepliaklqana
Kikubaaqudgha
Okawaru
Trog
Vehumet
Xom
The Shining One

Shops:
D:4 *   D:8 (}=


Innate Abilities, Weirdness & Mutations

You are resistant to damage.
You can heal yourself by infusing magical energy.
You passively map the area around you.
You do not regenerate.
You have sharp toenails.
You are agile. (Dex +2)
Your mind is acute. (Int +2)
Your magical capacity is low. (-10% MP)


Message History

The eight-headed hydra bites you but does no damage.
The eight-headed hydra bites you. x2
* * * LOW HITPOINT WARNING * * *
You block the eight-headed hydra's attack.
The eight-headed hydra bites you but does no damage. x2
The yak barely misses you.
Evoke which item? (* to show all) (? for menu, Esc to quit)
Aiming: Enslavement
Press: ? - help, Shift-Dir - straight line, f - eight-headed hydra
Aim: an eight-headed hydra (lightly wounded, haloed, chance to defeat MR: 21%)
The eight-headed hydra resists with almost no effort.
The eight-headed hydra bites you but does no damage. x2
The eight-headed hydra closely misses you.
The eight-headed hydra bites you!
* * * LOW HITPOINT WARNING * * *
You block the eight-headed hydra's attack.
The eight-headed hydra bites you!
* * * LOW HITPOINT WARNING * * *
The eight-headed hydra bites you!
You die...

* ... * #.P#####.## ,
*#...#* #.## #.# , ,
#.....## #.# #.#
**...........#### ##.##
##.# *
P..........#.###...####..#
* ###..
................##..## ,
.... #..................#
, ...##
#....Y.....P##....# , ,
*#..#####.D@..######...##
#.(##.#......## ###..# ,
#............# #....# *
#.....##....## ##...# .
#..P#####....# ##....# ..
#..## ##...###.....# ...*
##.P# #........#..#
....###..## #.......##..##
......P.#.# ##......#
#...#


You could see an eight-headed hydra and a yak.

Vanquished Creatures
  The ghost of Aelig the Martial Artist, a novice KoTm of Makhleb (D:9)
  The ghost of Krilegs the Chopper, a novice DsCK of Xom (D:6)
  A cyclops (D:9)
  The ghost of Krilegs the Skirmisher, a novice MiFi of Makhleb (D:4)
  Grinder (D:6)
  2 blink frogs (Lair:1)
  A hippogriff (D:8)
  A water moccasin (D:9)
  A black bear (D:9)
  A necrophage (D:5)
  A hornet zombie (D:7)
  An eye of draining (D:9)
  A sky beast (D:9)
  3 phantoms
  2 ogres
  A centaur (D:7)
  Blork the orc (D:6)
  2 bullfrogs
  A wyvern skeleton (D:6)
  5 killer bees (D:9)
  A howler monkey (D:5)
  3 crimson imps
  A quasit (D:3)
  3 hounds
  A jelly (D:8)
  4 orc priests
  A gnoll shaman (D:7)
  4 worker ants
  2 iguanas
  4 orc wizards
  A hound zombie (D:5)
  A hound skeleton (D:4)
  A howler monkey zombie (D:8)
  12 gnolls
  10 adders
  A shadow imp (D:8)
  2 oozes
  7 worms
  2 dart slugs
  5 leopard geckos
  25 orcs
  6 giant cockroaches
  6 goblins
  8 hobgoblins
  13 jackals
  6 quokkas
  7 bats
  9 frilled lizards
  7 kobolds
  9 rats
191 creatures vanquished.

Vanquished Creatures (collateral kills)
  2 blink frogs (Lair:1)
  A wyvern (Lair:1)
  4 yaks (Lair:1)
7 creatures vanquished.

Grand Total: 198 creatures vanquished

Notes
Turn   | Place    | Note
-------+----------+-------------------------------------------
     0 | D:1      | Krilegs the Deep Dwarf Fighter began the quest for the Orb.
     0 | D:1      | Reached XP level 1. HP: 20/20 MP: 1/1
   149 | D:1      | Reached XP level 2. HP: 25/27 MP: 2/2
   910 | D:2      | Reached XP level 3. HP: 9/34 MP: 3/3
  1196 | D:2      | Reached XP level 4. HP: 24/42 MP: 3/3
  1355 | D:2      | Found a shadowy altar of Dithmenos.
  1369 | D:2      | Found a glowing golden altar of the Shining One.
  1376 | D:2      | Became a worshipper of the Shining One
  1956 | D:3      | Found a bloodstained altar of Trog.
  1999 | D:3      | Found a blossoming altar of Fedhas.
  2137 | D:3      | Reached XP level 5. HP: 46/49 MP: 4/4
  2434 | D:4      | Found an iron altar of Okawaru.
  2467 | D:4      | Noticed Krilegs's ghost (novice MiFi)
  2468 | D:4      | Gained mutation: You are agile. (Dex +2) [potion of mutation]
  2468 | D:4      | Gained mutation: You are partially covered in iridescent scales. (AC +2) [potion of mutation]
  2487 | D:4      | Killed Krilegs's ghost
  2487 | D:4      | Reached skill level 5 in Shields
  2487 | D:4      | Reached XP level 6. HP: 48/57 MP: 5/5
  2487 | D:4      | Reached XP level 7. HP: 53/63 MP: 6/6
  2650 | D:4      | Found a shimmering altar of Xom.
  2737 | D:4      | Found a snail-covered altar of Cheibriados.
  2964 | D:4      | Found Onic's General Store.
  2972 | D:4      | Bought a potion of mutation for 104 gold pieces
  2972 | D:4      | Lost mutation: You are agile. (Dex +2) [potion of mutation]
  2972 | D:4      | Lost mutation: You are partially covered in iridescent scales. (AC +2) [potion of mutation]
  2972 | D:4      | Gained mutation: Your magical capacity is low. (-10% MP) [potion of mutation]
  2972 | D:4      | Gained mutation: Your mind is acute. (Int +2) [potion of mutation]
  2972 | D:4      | Gained mutation: You are agile. (Dex +2) [potion of mutation]
  2972 | D:4      | Gained mutation: You have sharp toenails. [potion of mutation]
  3108 | D:4      | Reached * piety under the Shining One
  3108 | D:4      | Reached skill level 5 in Long Blades
  3192 | D:4      | Found a radiant altar of Vehumet.
  3192 | D:4      | Found an ancient bone altar of Kikubaaqudgha.
  3192 | D:4      | Found a hazy altar of Hepliaklqana.
  3457 | D:5      | Entered Level 5 of the Dungeon
  3519 | D:5      | Reached skill level 5 in Armour
  4211 | D:5      | Reached XP level 8. HP: 59/72 MP: 6/6
  4278 | D:5      | Noticed a moth of wrath
  4281 | D:5      | Found a bloodstained altar of Trog.
  4420 | D:6      | Found a staircase to the Ecumenical Temple.
  4431 | D:6      | Noticed Blork the orc
  4441 | D:6      | Killed Blork the orc
  4523 | D:6      | Noticed Krilegs's ghost (novice DsCK)
  4569 | D:6      | Killed Krilegs's ghost
  4739 | D:6      | Noticed Grinder
  4752 | D:6      | Paralysed by Grinder for 4 turns
  4760 | D:6      | Killed Grinder
  4760 | D:6      | Reached skill level 1 in Evocations
  4780 | D:6      | Got an encrusted hat
  4786 | D:6      | Identified the +2 hat of Anarchy {MR+} (You found it on level 6 of the Dungeon)
  4990 | D:7      | Reached ** piety under the Shining One
  5025 | D:7      | Reached skill level 5 in Fighting
  5025 | D:7      | Gained mutation: You passively map the area around you. [Deep Dwarf growth]
  5025 | D:7      | Reached XP level 9. HP: 57/81 MP: 7/7
  5709 | D:8      | Found Exzuve's Weapon Shop.
  5814 | D:8      | Found Adghol's Gadget Shoppe.
  5850 | D:8      | Noticed a two-headed ogre
  5861 | D:8      | a two-headed ogre changed into a hippogriff
  5923 | D:8      | Found Rabar's Jewellery Boutique.
  6231 | D:8      | Bought a wand of enslavement (20) for 242 gold pieces
  6503 | D:9      | Noticed Aelig's ghost (novice KoTm)
  6540 | D:9      | Killed Aelig's ghost
  6540 | D:9      | Reached XP level 10. HP: 57/91 MP: 0/7
  6615 | D:9      | Reached *** piety under the Shining One
  6685 | D:9      | Noticed a cyclops
  6715 | D:9      | Killed a cyclops
  6783 | D:9      | Found a staircase to the Lair.
  6969 | Lair:1   | Entered Level 1 of the Lair of Beasts
  7075 | Lair:1   | Noticed a five-headed hydra
  7175 | Lair:1   | HP: 4/91 [eight-headed hydra (8)]
  7175 | Lair:1   | Slain by an eight-headed hydra

Skill      XL: |  1  2  3  4  5  6  7  8  9 10 |
---------------+-------------------------------+-----
Fighting       | 3 4 5 6 |  6.2
Shields        | 4 5 6 7 8 9 |  9.2
Armour         | 4 5 6 7 8 |  8.1
Long Blades    | 3 4 6 7 9 |  9.9
Evocations     | 1 2 |  2.8
Dodging        | |  0.8
Stealth        | |  0.3

Action                   |  1- 3 |  4- 6 |  7- 9 | 10-12 || total
-------------------------+-------+-------+-------+-------++-------
Melee: Long sword        |   121 |   208 |   439 |    54 ||   822
 Abil: Heal Wounds       |     2 |     2 |    10 |    13 ||    27
       Evoke Berserk Rag |       |       |     3 |       ||     3
Evoke: Wand              |       |       |     3 |    14 ||    17
  Use: Scroll            |     2 |     8 |     3 |     5 ||    18
       Potion            |     1 |     4 |     5 |       ||    10
  Eat: Chunk             |     1 |     2 |     8 |     1 ||    12
       Ration            |       |     1 |     2 |     1 ||     4
Armor: Scale mail        |    61 |   132 |    17 |       ||   210
       Skin              |       |    13 |       |       ||    13
       Chain mail        |       |       |   182 |    96 ||   278
Dodge: Dodged            |    45 |   110 |   110 |    36 ||   301
Block: Shield            |    76 |   154 |   261 |    71 ||   562
       Rpst.: Long sword |    14 |    25 |    37 |     9 ||    85
